 Dungeon Crawl Stone Soup version 0.28-a0-706-gf6f64a616a (webtiles) character file.

Game seed: 11803410441466853070

559 marklar909 the Chopper (level 7, -1/58 HPs)
             Began as a Palentonga Fighter on Oct 24, 2021.
             Was an Initiate of Makhleb.
             Succumbed to a scorpion's poison
             ... on level 5 of the Dungeon.
             The game lasted 00:04:17 (5294 turns).

marklar909 the Chopper (Palentonga Fighter)         Turns: 5294, Time: 00:04:18

Health: -1/58      AC:  7    Str: 19    XL:     7   Next: 9%
Magic:  7/7        EV:  8    Int: 11    God:    Makhleb [......]
Gold:   195        SH:  4    Dex: 11    Spells: 6/6 levels left

rFire   . . .      SeeInvis +   a - +0 war axe
rCold   . . .      Faith    .   c - +0 buckler
rNeg    . . .      Spirit   .   b - +0 scale mail
rPois   .          Reflect  .   (helmet restricted)
rElec   .          Harm     .   (no cloak)
rCorr   .          Rampage  .   (no gloves)
Will    .....                   (no barding)
Stlth   ..........              (no amulet)
HPRegen 0.19/turn               (no ring)
MPRegen 0.10/turn               (no ring)

@: lethally poisoned (-1 -> -11)
A: large, rugged brown scales 3, see invisible, deformed body, roll 1, armoured
tail, reflexive curl, antennae 1, clever 1, inability to read while threatened
a: Rolling Charge, Renounce Religion


You were on level 5 of the Dungeon.
You worshipped Makhleb.
Makhleb was noncommittal.
You visited 1 branch of the dungeon, and saw 5 of its levels.

You collected 195 gold pieces.

Inventory:

Hand Weapons
 a - a +0 war axe (weapon)
Armour
 b - a +0 scale mail (worn)
 c - a +0 buckler (worn)
Jewellery
 g - a +6 ring of dexterity
 p - a ring of protection from cold
 t - a ring of poison resistance
Wands
 l - a wand of charming (8)
 o - a wand of iceblast (3) (quivered)
Scrolls
 e - a scroll of immolation {unknown}
 f - 4 scrolls of identify
 h - 2 scrolls of fear {unknown}
 i - 3 scrolls of vulnerability {unknown}
 j - a scroll of summoning {unknown}
 k - 2 scrolls of enchant armour {unknown}
 n - a scroll of fog {unknown}
 r - a scroll of teleportation {unknown}
Potions
 d - a potion of might
 m - a potion of heal wounds {unknown}
 q - a potion of mutation
 s - a potion of brilliance {unknown}


   Skills:
 * Level 4.6 Fighting
 + Level 4.7 Axes
 + Level 3.8 Armour
 + Level 1.4 Dodging
 + Level 3.2 Shields


You had 6 spell levels left.
You didn't know any spells.
Your spell library was empty.

Dungeon Overview and Level Annotations

Branches:
Dungeon (5/15)
 Temple: D:4-7

Altars:
Cheibriados
Dithmenos
Fedhas
Makhleb
Nemelex Xobeh
Ru
Wu Jian

Shops:
D:1 :   D:2 :   D:3 =


Innate Abilities, Weirdness & Mutations

You are completely covered in rugged brown scales. (AC +3, +7% HP)
You have supernaturally acute eyesight. (SInv)
Armour fits poorly on your strangely shaped body.
You can roll at nearby foes to attack.
You have a long armoured tail.
You curl defensively after being hit.
You have a pair of small antennae on your head.
Your mind is acute. (Int +2)
You sometimes lose the ability to read scrolls when taking damage.


Message History

The scorpion poisons you! The scorpion barely misses you.
Unknown command.
You closely miss the scorpion.
You feel very sick. The scorpion completely misses you.
Unknown command.
You hit the scorpion but do no damage.
You feel very sick.
The gnoll hits you from afar with a +0 halberd of freezing.
The gnoll freezes you.
The gnoll hits you from afar with a +0 spear.
The scorpion stings you. The gnoll hits you but does no damage.
The scorpion closely misses you.
The gnoll hits you from afar with a +0 spear.
You slash the scorpion!
The scorpion is heavily wounded.
You feel very sick. The scorpion stings you.
The gnoll hits you from afar with a +0 halberd of freezing!
The gnoll freezes you. The gnoll hits you but does no damage.
You are too injured to fight recklessly!
You feel sick. The scorpion stings you.
* * * LOW HITPOINT WARNING * * *
You feel sick. The scorpion stings you.
* * * LOW HITPOINT WARNING * * *
You feel sick.
You feel sick.
You feel sick.
You feel sick.
You are no longer poisoned.
You block the scorpion's attack.
Found 28 stones.
The scorpion stings you.
* * * LOW HITPOINT WARNING * * *
You are lethally poisoned!
The scorpion poisons you!
It was a potion of mutation.
You feel extremely strange.
You lose the ability to read scrolls when threatened.
A pair of antennae grows on your head!
You feel clever.
You die...

######### #........
#####....# #........#
#.###....# #.###.#.##
#####.##....#
#...††......# #
#.###@##....#######.#
#.###s###.#.........#
#.##.............##.#
#<##.#......####.##.#
#.##.[..#...##...)..#
#.#####.#.g.##......#.
#.# #.#.#g..g.......
#.# #(#.#..#......#.
#.# #.#.#..#......#


You could see a scorpion.

Vanquished Creatures
  An ice beast (D:4)
  A phantom (D:4)
  A water moccasin zombie (D:3)
  A scorpion (D:4)
  A gnoll shaman (D:4)
  An iguana (D:5)
  A hound zombie (D:5)
  4 adders
  7 gnolls
  3 worms
  3 dart slugs
  7 orcs
  7 endoplasms
  2 giant cockroaches (D:1)
  9 hobgoblins
  4 jackals (D:1)
  7 kobolds
  3 quokkas
  6 ball pythons
  11 bats
  4 frilled lizards
  5 goblins
  7 rats
96 creatures vanquished.

Vanquished Creatures (others)
  4 demonic plants (D:2)
  7 fungi
  8 plants
19 creatures vanquished.

Grand Total: 115 creatures vanquished

Notes
Turn   | Place    | Note
-------+----------+-------------------------------------------
     0 | D:1      | marklar909 the Palentonga Fighter began the quest for the
                  | Orb.
     0 | D:1      | Reached XP level 1. HP: 19/19 MP: 1/1
   182 | D:1      | Reached XP level 2. HP: 20/25 MP: 2/2
   306 | D:1      | Found Herheuz's Book Boutique.
   874 | D:1      | Reached XP level 3. HP: 31/31 MP: 3/3
  1497 | D:2      | Found a faded altar of an unknown god.
  1557 | D:2      | Reached XP level 4. HP: 24/39 MP: 4/4
  2262 | D:2      | Found Syfot's Book Shop.
  2728 | D:3      | Found Somilym's Jewellery Shoppe.
  2930 | D:3      | Found a shadowy altar of Dithmenos.
  2930 | D:3      | Found a snail-covered altar of Cheibriados.
  2930 | D:3      | Found a sparkling altar of Nemelex Xobeh.
  3001 | D:3      | Reached XP level 5. HP: 27/44 MP: 5/5
  3325 | D:3      | Reached skill level 1 in Dodging
  3641 | D:3      | Found a blossoming altar of Fedhas.
  3888 | D:4      | Found an ornate altar of the Wu Jian Council.
  3991 | D:4      | Reached XP level 6. HP: 51/51 MP: 6/6
  4012 | D:4      | Noticed an ice beast
  4030 | D:4      | Killed an ice beast
  4330 | D:4      | Found a sacrificial altar of Ru.
  4330 | D:4      | Found a burning altar of Makhleb.
  5178 | D:4      | Became a worshipper of Makhleb the Destroyer
  5221 | D:5      | Entered Level 5 of the Dungeon
  5229 | D:5      | Gained mutation: You curl defensively after being hit.
                  | [Palentonga growth]
  5229 | D:5      | Reached XP level 7. HP: 58/58 MP: 7/7
  5293 | D:5      | HP: 2/58 [scorpion (5)]
  5294 | D:5      | Gained mutation: You sometimes lose the ability to read
                  | scrolls when taking damage. [potion of mutation]
  5294 | D:5      | Gained mutation: You have a pair of small antennae on your
                  | head. [potion of mutation]
  5294 | D:5      | Gained mutation: Your mind is acute. (Int +2) [potion of
                  | mutation]
  5294 | D:5      | Succumbed to a scorpion's poison

Illustrated notes

Levels and vault maps discovered:
D:1:      dpeg_arrival_tiny_a, layout_loops_ring, serial_shops,
          nicolae_shop_stone, skrybe_limestone_x
D:2:      layout_basic, shapermc_ecumenical_altar_gd, serial_shops,
          nicolae_shop_statue_plus, grunt_decor_mini_mirrors,
          kennysheep_cluttered_room, minmay_quadrilaterals
D:3:      layout_basic, gammafunk_temple_overflow_forgotten, fedhas_altar_3,
          serial_shops, nicolae_shop_waterfront
D:4:      layout_loops_ring, nzn_wu_jian_council_hall,
          gammafunk_temple_overflow_statue, serial_bayou_lagoon_a,
          minmay_misc_feat_iff
D:5:      layout_loops_ring, zin_treasury

Skill      XL: |  1  2  3  4  5  6 |
---------------+-------------------+-----
Axes           | 3 4 |  4.7
Armour         | 3 |  3.8
Fighting       | 4 |  4.6
Dodging        | 1 |  1.4
Shields        | 3 |  3.2

Action                   |  1- 3 |  4- 6 |  7- 9 || total
-------------------------+-------+-------+-------++-------
Melee: War axe           |   123 |   156 |    15 ||   294
       Tailslap          |    11 |    20 |       ||    31
Evoke: Wand              |       |     3 |       ||     3
  Use: Potion            |       |     2 |     1 ||     3
       Scroll            |       |     1 |       ||     1
Armor: Scale mail        |    82 |    66 |     4 ||   152
Dodge: Dodged            |    39 |    60 |     9 ||   108
Block: Buckler           |    27 |    28 |     6 ||    61

Table legend: (Time is in decaauts)
 A = Elapsed time spent in this place.
 B = Non-inter-level travel time spent in this place.
 C = Inter-level travel time spent in this place.
 D = Time resting spent in this place.
 E = Time spent auto-exploring this place.
 F = Levels seen in this place.
 G = Mean time per level.
                   A        B        C        D        E       F      G
               +--------+--------+--------+--------+--------+-----+--------+
         Total |   5409 |   5113 |    296 |   1053 |   3360 |   5 | 1081.8 |
       Dungeon |   5409 |   5113 |    296 |   1053 |   3360 |   5 | 1081.8 |
               +--------+--------+--------+--------+--------+-----+--------+

Top non-repeatable levels by time:
     D:2: 1893 daAuts
     D:4: 1400 daAuts
     D:1: 1046 daAuts
     D:3: 992 daAuts
     D:5: 76 daAuts
